AoeStats
← Tavis

Nomad

508868474Analyzed
3v3 RM · 7d ago on Sep 24, 2026· 11m 45s· 6 players
Game mode
Random Map
Map size
210×210
Population
200
Speed
Normal
Resources
Standard
Victory
Conquest
Starting age
Dark Age
Ending age
Imperial Age
RankedLock teamsTeams togetherTeam positionsShared explorationLock speedFull tech treeHidden civsTurbo modeCheats
Victory
Defeat
🇨🇳 Danes · China
900
+13
🇨🇳 Saxons · China
895
+13
🇨🇳 Varangians · China
778
+18
🇨🇳 Dravidians · China
871
-16
🇨🇳 Wei · China
823
-14
🇨🇳 Saracens · China
813
-14
Tamerlane
10:20 Loom
12:35 Feudal Age
stone wall builder
5:14 Loom
13:47 Feudal Age
PoiseDivaSanaつ
2:54 Loom
13:45 Feudal Age
Tavis
6:20 Loom
Sting839
3:37 Loom
Lazy_Mann
6:58 Loom
Connection lost

Rejoining the realm…

Still unreachable

The connection could not be restored.

Session expired

The server has moved on; the page needs a fresh start.